 Dungeon Sprint DCSS version 0.30.1-9-gdf580d7c3d (webtiles) character file.

Game seed: 5250664836546592839

1767 Heoruswealwe the Impaler (level 8, -5/85 HPs)
             Began as a Minotaur Fighter on Sept 28, 2023.
             Was an Initiate of Gozag.
             Slain by a boulder beetle (42 damage)
             ... in the Dungeon (Sprint IX: "|||||||||||||||||||||||||||||").
             The game lasted 00:05:05 (394 turns).

Heoruswealwe the Impaler (Minotaur Fighter)          Turns: 394, Time: 00:05:05

Health: -5/85      AC: 19    Str: 24    XL:     8   Next: 80%
Magic:  7/7        EV: 10    Int:  5    God:    Gozag
Gold:   675        SH:  0    Dex:  9    Spells: 7/7 levels left

rFire   . . .        b - +2 halberd (protect)
rCold   . . .        (shield currently unavailable)
rNeg    . . .        c - +2 ring mail
rPois   .            (helmet restricted)
rElec   .            (no cloak)
rCorr   .            f - +0 pair of gloves
SInv    .            e - +0 pair of boots
Will    .....        (no amulet) Stlth
                     (no ring)
HPRegen 0.34/turn    (no ring)
MPRegen 0.10/turn

%: no teleportation
@: gold aura, under a protective aura
A: horns 2, retaliatory headbutt
a: Renounce Religion, Potion Petition, Call Merchant, Bribe Branch


You were in the Dungeon.
You worshipped Gozag.
Gozag was pleased with you.
You visited 1 branch You collected 675 gold pieces.

Inventory:

Hand Weapons
 a - a +0 trident
 b - a +2 halberd of protection (weapon)
Armour
 c - a +2 ring mail (worn)
 d - a +0 buckler
 e - a +0 pair of boots (worn)
 f - a +0 pair of gloves (worn)
Wands
 h - a wand of roots (10)
Scrolls
 j - 2 scrolls of blinking
Potions
 g - a potion of haste
 i - a potion of berserk rage
 k - a potion of might
 l - 3 potions of heal wounds
 m - 3 potions of curing


   Skills:
 + Level 12.4 Fighting
 * Level 16.5 Polearms
 + Level 12.3 Armour
 - Level 3.6 Shields


You had 7 spell levels left.
You didn't know any spells.
Your spell library was empty.

Dungeon Overview and Level Annotations

Branches:
Dungeon (1/1)

Altars:
Cheibriados
Dithmenos
Elyvilon
Fedhas
Gozag
Hepliaklqana
Kikubaaqudgha
Makhleb
Nemelex Xobeh
Okawaru
Qazlal
Ru
Sif Muna
Trog
Uskayaw
Vehumet
Wu Jian
Xom
Yredelemnul
Zin
The Shining One
Jiyva
Lugonu


Innate Abilities, Weirdness & Mutations

You have a pair of horns on your head.
You reflexively headbutt those who attack you in melee.


Message History

The slime creature is almost dead.
You impale the slime creature!!
You kill the slime creature!
Reach: b) +2 halberd (protect)
Press: ? - help, Dir - move target, f - brown ugly thing
Aim: a brown ugly thing (about 33% to evade your +2 halberd of protection)
You reach to attack!
You slice the brown ugly thing!!
The brown ugly thing is moderately wounded.
You barely miss the brown ugly thing. You headbutt the brown ugly thing.
The brown ugly thing is moderately wounded.
The brown ugly thing punches you but does no damage.
You hit the brown ugly thing but do no damage.
The brown ugly thing is moderately wounded.
The blink frog is distracted by your dazzling golden aura.
The brown ugly thing punches you!
You are splashed with acid!
You slice the brown ugly thing!! You headbutt the brown ugly thing!
The brown ugly thing is severely wounded.
You barely miss the brown ugly thing.
The brown ugly thing is severely wounded.
The brown ugly thing punches you but does no damage.
You barely miss the brown ugly thing.
Your headbutt misses the brown ugly thing.
The brown ugly thing is severely wounded.
The blink frog is no longer distracted by gold.
The boulder beetle curls into a ball and begins rolling!
The brown ugly thing punches you but does no damage.
You slash the brown ugly thing!
Your headbutt misses the brown ugly thing.
The brown ugly thing is almost dead.
You closely miss the brown ugly thing.
The brown ugly thing is almost dead.
The brown ugly thing punches you but does no damage.
You closely miss the brown ugly thing.
The brown ugly thing is almost dead.
The blink frog blinks!
The brown ugly thing punches you but does no damage.
You hit the boulder beetle but do no damage.
The boulder beetle hits you!!!
You die...
Your body crumbles into a pile of gold. $$$$$ $ $ $ $$$$$ $ ▓▓▓▓▓▓▓▓▓▓▓▓▓▓▓▓▓▓▓▓▓▓▓▓▓ +.....§u@BF°°.)...=..)?!' ▓▓▓▓▓▓▓▓▓▓▓▓▓▓▓▓▓▓▓▓▓▓▓▓▓

You could see a boulder beetle (rolling), a brown ugly thing and a blink frog shaped shifter.

Vanquished Creatures
  A centaur warrior (D)
  A slime creature (D)
  4 yaks (D)
  A vampire mosquito (D)
  An ogre (D)
  A scorpion (D)
  2 gnoll sergeants (D)
  A hound (D)
  An adder (D)
  A dart slug (D)
  A goblin (D)
  A hobgoblin (D)
  2 bats (D)
  A frilled lizard (D)
19 creatures vanquished.

Notes
Turn   | Place    | Note
-------+----------+-------------------------------------------
     0 | D        | Heoruswealwe the Minotaur Fighter began the quest for the
                  | Orb.
     0 | D        | Reached XP level 1. HP: 19/19 MP: 0/0
     9 | D        | Reached skill level 3 in Polearms
    22 | D        | Noticed an ogre
    22 | D        | Noticed a hound
    22 | D        | Noticed a scorpion
    28 | D        | Killed a scorpion
    29 | D        | Reached skill level 5 in Fighting
    29 | D        | Reached skill level 7 in Polearms
    29 | D        | Reached skill level 5 in Armour
    29 | D        | Reached XP level 2. HP: 30/30 MP: 1/1
    29 | D        | Reached XP level 3. HP: 37/37 MP: 2/2
    32 | D        | Reached XP level 4. HP: 39/44 MP: 3/3
    36 | D        | Reached skill level 8 in Polearms
    39 | D        | Killed an ogre
    40 | D        | Reached skill level 9 in Polearms
    40 | D        | Reached XP level 5. HP: 24/52 MP: 4/4
    50 | D        | Found a snail-covered altar of Cheibriados.
    50 | D        | Found a shadowy altar of Dithmenos.
    50 | D        | Found a white marble altar of Elyvilon.
    50 | D        | Found a blossoming altar of Fedhas.
    50 | D        | Found an opulent altar of Gozag.
    51 | D        | Found a hazy altar of Hepliaklqana.
    52 | D        | Found a viscous altar of Jiyva.
    53 | D        | Found an ancient bone altar of Kikubaaqudgha.
    54 | D        | Found a corrupted altar of Lugonu.
    55 | D        | Found a burning altar of Makhleb.
    56 | D        | Found a sparkling altar of Nemelex Xobeh.
    57 | D        | Found an iron altar of Okawaru.
    58 | D        | Became a worshipper of Gozag Ym Sagoz the Greedy
    59 | D        | Found a stormy altar of Qazlal.
    60 | D        | Found a sacrificial altar of Ru.
    61 | D        | Found a shimmering blue altar of Sif Muna.
    62 | D        | Found a bloodstained altar of Trog.
    63 | D        | Found a hide-covered altar of Uskayaw.
    64 | D        | Found a radiant altar of Vehumet.
    65 | D        | Found an ornate altar of the Wu Jian Council.
    66 | D        | Found a shimmering altar of Xom.
    67 | D        | Found a basalt altar of Yredelemnul.
    68 | D        | Found a glowing silver altar of Zin.
    69 | D        | Found a glowing golden altar of the Shining One.
   141 | D        | Noticed a yak
   141 | D        | Noticed a yak
   141 | D        | Noticed a yak
   141 | D        | Noticed a yak
   146 | D        | Killed a yak
   147 | D        | Reached skill level 11 in Polearms
   147 | D        | Reached XP level 6. HP: 59/62 MP: 5/5
   156 | D        | Reached skill level 12 in Polearms
   160 | D        | Killed a yak
   161 | D        | Reached XP level 7. HP: 55/71 MP: 6/6
   164 | D        | Killed a yak
   165 | D        | Reached skill level 10 in Fighting
   165 | D        | Reached skill level 13 in Polearms
   165 | D        | Reached skill level 10 in Armour
   177 | D        | Killed a yak
   178 | D        | Reached skill level 14 in Polearms
   357 | D        | Noticed a raiju
   357 | D        | Noticed a boulder beetle
   357 | D        | Noticed a brown ugly thing
   357 | D        | Noticed a slime creature
   357 | D        | Noticed a centaur warrior
   357 | D        | Noticed a vampire mosquito
   362 | D        | Killed a vampire mosquito
   363 | D        | Reached XP level 8. HP: 69/82 MP: 7/7
   367 | D        | a raiju changed into a golden eye
   373 | D        | Killed a centaur warrior
   373 | D        | a golden eye changed into a blink frog
   373 | D        | Noticed a blink frog (shapeshifter)
   374 | D        | Reached skill level 16 in Polearms
   384 | D        | Killed a slime creature
   394 | D        | Slain by a boulder beetle

Illustrated notes

Levels and vault maps discovered:
D:        linesprint [early_d, line_temple, items_1, d_10, items_2, lair_1,
          lair_end, items_3, orc_1, orc_end, items_4, d_15, swamp_1, shoals_1,
          snake_1, spider_1, d_20, vaults_1, items_5, swamp_end, shoals_end,
          snake_end, spider_end, vaults_end, d_27, items_6, zot_1, zot_end,
          crypt_end, forest_end, elf_end, slime_end, tomb_end, abyss_end,
          pan_hell_end]

Skill      XL: |  1  2  3  4  5  6  7  8 |
---------------+-------------------------+-----
Polearms       | 7 9 11 12 14 16 | 16.5
Fighting       | 5 6 7 8 9 11 12 | 12.4
Armour         | 5 6 7 8 9 11 12 | 12.3
Shields        | |  3.6

Action                     |  1- 3 |  4- 6 |  7- 9 || total
---------------------------+-------+-------+-------++-------
  Melee: Trident           |    17 |    12 |       ||    29
         Headbutt          |     3 |     8 |    10 ||    21
         Halberd           |       |    15 |    51 ||    66
    Use: Potion            |     1 |       |     1 ||     2
   Stab: Distracted        |       |       |     1 ||     1
 Armour: Scale mail        |     4 |     2 |       ||     6
         Ring mail         |       |     7 |    25 ||    32
  Dodge: Dodged            |     6 |    10 |    12 ||    28
  Block: Buckler           |     7 |       |       ||     7
